 Dungeon Crawl Stone Soup version 0.31-a0-981-geadf994542 (webtiles) character file.

Game seed: 1391186879200669801

14308 strifetoe the Mimic (level 12, -3/83 HPs)
             Began as a Djinni Shapeshifter on Nov 2, 2023.
             Was a Priest of Dithmenos.
             Slain by a vampire (6 damage)
             ... on level 12 of the Dungeon.
             The game lasted 00:30:05 (15928 turns).

strifetoe the Mimic (Djinni Shapeshifter)          Turns: 15928, Time: 00:30:06

Health: -3/83      AC: 11    Str: 17    XL:     12   Next: 43%
Gold:   156        EV: 11    Int: 13    God:    Dithmenos [***...] SH:  0 Dex: 17

rFire   + +          .
                       - Unarmed
rCold   . . .        (shield currently unavailable)
rNeg    . . .        e - +1 chain mail
rPois   ∞            (no helmet)
rElec   .            b - scarf {shadows}
rCorr   +            (no gloves)
SInv    .            (boots unavailable)
Will    ++...        (no amulet) Stlth
                     i - ring of protection from cold
HPRegen 0.33/turn    a - ring "Icis" {Will+ rCorr Dex+4 Slay+3}
MPRegen 0.00/turn

%: infuse magic (-4 HP)
@: about to teleport, flux-form, flying, glowing
A: glow, contaminating, flying, sickness immunity, fire resistance 2, cold
vulnerability 1, float, innate caster, HP casting, extra vitality 1
a: Begin Untransformation, Renounce Religion, Shadow Step


You were on level 12 of the Dungeon.
You worshipped Dithmenos.
Dithmenos was most pleased with you.
You were something dangerously unstable.
You visited 2 branches of the dungeon, and saw 13 of its levels.
You also visited: Sewer.

You collected 742 gold pieces.
You spent 586 gold pieces at shops.

Inventory:

Armour
 b - a scarf of shadows (worn)
 e - a +1 chain mail (worn)
 j - a +0 buckler
Jewellery
 a - the ring "Icis" (right hand) {Will+ rCorr Dex+4 Slay+3}
   (You bought it in a shop on level 3 of the Dungeon)

   [ring of willpower]

   Dex+4:     It affects your dexterity (+4).
   Slay+3:    It affects your accuracy & damage with ranged weapons and melee
   (+3).
   Will+:     It increases your willpower.
   rCorr:     It protects you from acid and corrosion.
 i - a ring of protection from cold (left hand)
 l - a ring of ice
 u - a ring of protection from cold
Talismans
 c - a beast talisman
 d - a flux talisman (active)
Wands
 q - a wand of iceblast (2)
Scrolls
 f - 2 scrolls of enchant armour
 g - a scroll of vulnerability
 n - a scroll of teleportation
 p - 2 scrolls of enchant weapon
 r - 5 scrolls of identify
 s - 2 scrolls of fog
Potions
 h - a potion of haste
 k - 3 potions of mutation
 o - a potion of might
 v - a potion of berserk rage {unknown}


   Skills:
 - Level 6.0 Fighting
 - Level 7.2 Armour
 - Level 7.1 Dodging
 - Level 2.0 Stealth
 - Level 4.6 Shields
 - Level 7.2 Unarmed Combat
 * Level 11.6 Shapeshifting


You knew the following spells:

 Your Spells              Type           Power      Damage    Failure   Level
a - Necrotise             Necr           0%         1d4       95%         1
b - Momentum Strike       Conj/Tloc      0%         3d8       98%         2
c - Hailstorm             Conj/Ice       0%         3d3       100%        3
d - Sticky Flame          Conj/Fire      0%         2d3       100%        4
e - Irradiate             Conj/Tmut      0%         3d11      100%        5
Your spell library was empty.


Dungeon Overview and Level Annotations

Branches:
Dungeon (12/15)            Temple (1/1) D:6            Lair (0/5) D:8
    Orc (0/2) D:11          Sewer (visited)

Altars:
Ashenzari
Cheibriados
Dithmenos
Elyvilon
Fedhas
Gozag
Hepliaklqana
Makhleb
Nemelex Xobeh
Okawaru
Qazlal
Ru
Trog
Uskayaw
Wu Jian
Xom
Yredelemnul
Zin
The Shining One

Shops:
D:1 (   D:3 =   D:12 =


Innate Abilities, Weirdness & Mutations

You are something dangerously unstable.
You glow with magical radiation, making you easy to see and hit.
Foes you strike become dangerously contaminated with magical radiation.
You are flying.
You are incapable of wielding weapons or throwing items.
You are immune to sickness and miasma.
You are immune to poison.
Your flesh is very heat resistant. (rF++)
You are vulnerable to cold. (rC-)
You float through the air rather than walking.
You learn spells naturally, not from books.
Your magical power is your life essence.
You have superior vitality. (+4 MHP)


Message History

You see here a +0 flail.
There is an open door here.
There is an open door here.
You see here 4 large rocks.
You reach down and open the door.
Found 9 stones.
There is an open door here.
A cyclops and a vampire come into view.
Found 21 gold pieces.
The cyclops shouts!
The cyclops throws a large rock.
The large rock hits you!!
There are monsters nearby!
The vampire casts a spell.
The vampire flickers and vanishes!
Deactivating autopickup; reactivate with Ctrl-A.
There is an open door here.
As you close the door, it creaks loudly!
You start resting.
Something unseen breaks down the door.
Something hits you but does no damage. Something bites you!
The cyclops barely misses you.
There is a broken door here.
Something hits you! Something bites you but does no damage.
You barely miss something.
The cyclops throws a large rock.
The large rock hits you!!
You hit something but do no damage.
The vampire begins to glow.
The vampire hits you!
* * * LOW HITPOINT WARNING * * *
The vampire bites you but does no damage.
You punch the vampire!
The vampire glows dangerously bright.
The vampire is moderately damaged.
The vampire hits you.
* * * LOW HITPOINT WARNING * * *
The vampire bites you!
* * * LOW HITPOINT WARNING * * *
Unknown command.
Okay, then.
As you read the scroll of teleportation, it crumbles to dust.
You feel strangely unstable. The vampire hits you.
You die...

#.# #.# ###+#### #.#
#........ #####.####
#........ #........#
#........ #........#
#........ #.>......#
#........
#....∩...########...(....
#..............pVC.......
#........########......C.
#####.#### #.......$
###)# #####+### #..g#
#.### #.# ... .....


You could see a cyclops and a vampire (invisible, heavy contam).

Vanquished Creatures
  Fannar (D:10)
  3 two-headed ogres
  Pikel (D:5)
  A cyclops (D:12)
  An unseen horror (D:10)
  A troll (D:8)
  A hornet (D:8)
  A shadow (D:10)
  19 yaks
  3 wyverns
  A basilisk (D:6)
  A wraith (D:9)
  A vampire (D:10)
  4 steam dragons
  4 vampire mosquitoes
  2 acid dragons (D:11)
  6 water moccasins
  6 orc warriors
  2 ice beasts
  2 black bears
  3 ogres
  2 wolves (D:8)
  5 centaurs
  A phantom (Temple)
  A kobold brigand (D:9)
  4 bullfrogs
  2 gnoll sergeants
  2 scorpions
  13 wights
  An electric eel (D:8)
  3 howler monkeys
  A crimson imp (D:10)
  12 hounds
  9 orc priests
  A jelly (D:5)
  3 sleepcaps (D:5)
  3 iguanas
  11 orc wizards
  Robin (D:3)
  16 gnolls
  13 adders
  5 river rats (D:4)
  A shadow imp (D:6)
  A white imp (D:5)
  2 ufetubi (D:5)
  2 dart slugs (D:5)
  5 worms
  50 orcs
  4 endoplasms
  2 giant cockroaches
  21 goblins
  4 hobgoblins
  20 jackals
  4 quokkas
  10 ball pythons
  4 bats
  11 frilled lizards
  11 kobolds
  11 rats
336 creatures vanquished.

Vanquished Creatures (others)
  An orc wizard (D:7)
  An orc (D:7)
2 creatures vanquished.

Grand Total: 338 creatures vanquished

Notes
Turn   | Place    | Note
-------+----------+-------------------------------------------
     0 | D:1      | strifetoe the Djinni Shapeshifter began the quest for the
                  | Orb.
     0 | D:1      | Reached XP level 1. HP: 17/17 MP: 0/0
   166 | D:1      | Reached XP level 2. HP: 22/22 MP: 0/0
   426 | D:1      | Found Udophin's Weapon Shop.
   562 | D:1      | Reached XP level 3. HP: 27/27 MP: 0/0
   562 | D:1      | Learned a level 1 spell: Necrotise
  1361 | D:2      | Reached XP level 4. HP: 21/32 MP: 0/0
  1374 | D:2      | Reached skill level 5 in Unarmed Combat
  1655 | D:2      | Identified the +7 dagger of Defence {heavy, rN+}
  1787 | D:2      | Reached XP level 5. HP: 31/37 MP: 0/0
  1787 | D:2      | Learned a level 2 spell: Momentum Strike
  2112 | D:3      | Found Xyeqik's Jewellery Boutique.
  2325 | D:3      | Noticed Robin
  2346 | D:3      | Killed Robin
  2347 | D:3      | Reached skill level 1 in Armour
  2660 | D:3      | Reached skill level 3 in Shapeshifting
  2775 | D:4      | Reached XP level 6. HP: 16/43 MP: 0/0
  2915 | D:4      | Found a glowing drain.
  2959 | Sewer    | Entered a sewer
  3489 | D:4      | Noticed an ogre
  3500 | D:4      | Killed an ogre
  3501 | D:4      | Reached XP level 7. HP: 32/49 MP: 0/0
  3501 | D:4      | Learned a level 3 spell: Hailstorm
  3867 | D:4      | Found a stormy altar of Qazlal.
  3874 | D:4      | Noticed a fire elemental
  3877 | D:4      | Noticed a water elemental
  3877 | D:4      | Noticed an air elemental
  4470 | D:5      | Entered Level 5 of the Dungeon
  4540 | D:5      | Noticed a steam dragon
  4555 | D:5      | Reached XP level 8. HP: 55/58 MP: 0/0
  4620 | D:5      | Reached skill level 4 in Shapeshifting
  4783 | D:5      | Found a snail-covered altar of Cheibriados.
  4812 | D:5      | Reached skill level 5 in Shapeshifting
  4989 | D:5      | Noticed Pikel
  4998 | D:5      | Killed Pikel
  4999 | D:5      | Reached skill level 6 in Shapeshifting
  4999 | D:5      | Reached XP level 9. HP: 50/62 MP: 0/0
  4999 | D:5      | Learned a level 4 spell: Sticky Flame
  5750 | D:6      | Reached skill level 7 in Shapeshifting
  6108 | D:6      | Found a staircase to the Ecumenical Temple.
  6195 | D:6      | Identified the +4 dagger of the Past {spect, rPois rF- rN+
                  | Dex+3}
  6216 | Temple   | Entered the Ecumenical Temple
  6304 | Temple   | Became a worshipper of Dithmenos the Shadowed
  6330 | Temple   | Reached skill level 8 in Shapeshifting
  7006 | D:7      | Reached skill level 1 in Stealth
  7047 | D:7      | Reached XP level 10. HP: 28/68 MP: 0/0
  7403 | D:7      | Found a basalt altar of Yredelemnul.
  7991 | D:7      | Reached skill level 9 in Shapeshifting
  8381 | D:7      | Found an opulent altar of Gozag.
  8382 | D:7      | Found a white marble altar of Elyvilon.
  8755 | D:8      | Reached skill level 1 in Shields
  8775 | D:8      | Reached skill level 5 in Armour
  8893 | D:8      | Noticed a two-headed ogre
  8908 | D:8      | Killed a two-headed ogre
  8968 | D:8      | Identified the +5 rapier of Yredelemnul, Loving {flame,
                  | Int+5 Dex-3 SInv Stlth+}
  8986 | D:8      | Reached * piety under Dithmenos
  9204 | D:8      | Reached skill level 5 in Dodging
  9390 | D:8      | Reached XP level 11. HP: 50/73 MP: 0/0
  9390 | D:8      | Learned a level 5 spell: Irradiate
  9817 | D:8      | Found a staircase to the Lair.
 10155 | D:8      | Found an ornate altar of the Wu Jian Council.
 11758 | D:9      | Reached ** piety under Dithmenos
 12108 | D:10     | Entered Level 10 of the Dungeon
 12114 | D:10     | Reached skill level 5 in Fighting
 12473 | D:10     | Noticed a two-headed ogre
 12482 | D:10     | Killed a two-headed ogre
 12845 | D:10     | Found a blossoming altar of Fedhas.
 12865 | D:10     | Noticed Fannar
 13154 | D:10     | Reached skill level 10 in Shapeshifting
 13173 | D:10     | Reached XP level 12. HP: 37/83 MP: 0/0
 13489 | D:3      | Bought the ring "Icis" {Will+ rCorr Dex+4 Slay+3} for 586
                  | gold pieces
 13758 | D:10     | HP: 1/83 [ice beast[Fannar] (14)]
 13764 | D:10     | Killed Fannar
 14112 | D:10     | Found a burning altar of Makhleb.
 14745 | D:11     | Reached skill level 11 in Shapeshifting
 14837 | D:11     | Found a staircase to the Orcish Mines.
 15143 | D:11     | Identified the +0 spear "Inwafah" {heavy, rElec Str+3
                  | Int-4}
 15476 | D:12     | Noticed a two-headed ogre
 15483 | D:12     | Killed a two-headed ogre
 15675 | D:12     | Found Kocanal's Jewellery Shoppe.
 15702 | D:12     | Reached *** piety under Dithmenos
 15927 | D:12     | HP: 3/83 [vampire (8)]
 15928 | D:12     | Slain by a vampire

Illustrated notes

Levels and vault maps discovered:
D:1:      dpeg_arrival_houses_and_road, layout_basic, serial_shops,
          nicolae_shop_stone, wander_ebering_terrifying_dragon_lair
D:2:      kennysheep_six_static_rooms, layout_rooms
D:3:      layout_loops_ring, serial_shops, nicolae_shop_tiny_real_fake_doors,
          chequers_decorated_corner, uniq_robin
D:4:      layout_rooms, nicolae_qazlal_style_of_elements,
          lightli_sewer_entry_pipes, minmay_ogre_servants
D:5:      cheibrodos_fzero, layout_loops_corners,
          mainiacjoe_overflow_tiny_flanked, dreamdust_princess_corridor,
          uniq_pikel
D:6:      layout_basic, minmay_temple_entry_junction_2
D:7:      layout_basic, general_overflow_altar,
          chequers_temple_overflow_statue_of_worship, minmay_misc_feat_enclosed
D:8:      layout_basic, lemuel_coloured_pillars_altar, erik_lair_island
D:9:      layout_rooms, special_room [special_room_orc]
D:10:     layout_loops_cross, grunt_temple_overflow_lords_of_destruction,
          fedhas_bush_and_centaur_altar, uniq_fannar
D:11:     layout_roguey, orc_0_dummy, kennysheep_donut
D:12:     layout_roguey, special_room [special_room_orc], serial_shops, shop,
          ebering_ghost_funeral_grove
Temple:   nicolae_temple_ecumenical_triangle

Skill      XL: |  1  2  3  4  5  6  7  8  9 10 11 12 |
---------------+-------------------------------------+-----
Unarmed Combat | 4 5 6 7 |  7.2
Armour         | 1 2 3 4 6 7 |  7.2
Shapeshifting  | 3 6 8 9 10 11 | 11.6
Fighting       | 2 3 4 6 |  6.0
Stealth        | 1 2 |  2.0
Dodging        | 5 7 |  7.1
Shields        | 3 4 |  4.6

Action                     |  1- 3 |  4- 6 |  7- 9 | 10-12 || total
---------------------------+-------+-------+-------+-------++-------
  Melee: Unarmed           |   108 |   185 |   299 |   730 ||  1322
         Punch             |     3 |     4 |    13 |       ||    20
         Dagger            |       |    10 |       |       ||    10
  Evoke: Wand              |       |       |    10 |    11 ||    21
    Use: Potion            |       |     1 |    12 |     8 ||    21
         Scroll            |       |    11 |     3 |     7 ||    21
   Stab: Sleeping          |     1 |       |       |       ||     1
         Invisible         |       |       |     4 |       ||     4
 Armour: Chain mail        |   106 |   164 |   327 |   615 ||  1212
         Animal skin       |     3 |       |       |       ||     3
         Skin              |       |     4 |       |       ||     4
  Dodge: Dodged            |    47 |    71 |   125 |   385 ||   628
   Form: Beast             |       |     1 |       |       ||     1
         Flux              |       |       |     1 |       ||     1

Table legend: (Time is in decaauts)
 A = Elapsed time spent in this place.
 B = Non-inter-level travel time spent in this place.
 C = Inter-level travel time spent in this place.
 D = Time resting spent in this place.
 E = Time spent auto-exploring this place.
 F = Levels seen in this place.
 G = Mean time per level.
                   A        B        C        D        E       F      G
               +--------+--------+--------+--------+--------+-----+--------+
         Total |  15695 |  15006 |    689 |   4097 |   7886 |  14 | 1121.1 |
       Dungeon |  15122 |  14433 |    689 |   3891 |   7685 |  12 | 1260.2 |
        Temple |    204 |    204 |      0 |    152 |      0 |   1 |  204.0 |
         Sewer |    369 |    369 |      0 |     54 |    201 |   1 |  369.0 |
               +--------+--------+--------+--------+--------+-----+--------+

Top non-repeatable levels by time:
     D:8: 2060 daAuts
     D:9: 1963 daAuts
     D:7: 1603 daAuts
    D:10: 1352 daAuts
     D:1: 1310 daAuts
     D:6: 1299 daAuts
     D:4: 1290 daAuts
     D:5: 1283 daAuts
    D:11: 937 daAuts
     D:3: 834 daAuts
     D:2: 700 daAuts
    D:12: 487 daAuts
   Sewer: 369 daAuts
  Temple: 204 daAuts
